 Dungeon Crawl Stone Soup version 0.24.0-13-gcf9b319 (webtiles) character file.

Game seed: 4457928478231698173, levelgen mode: deterministic

241 Fang the Skirmisher (level 6, -3/39 HPs)
             Began as a Gargoyle Berserker on Nov 21, 2019.
             Was a Priest of Trog.
             Slain by a worker ant (5 damage)
             ... on level 4 of the Dungeon.
             The game lasted 00:02:08 (2569 turns).

Fang the Skirmisher (Gargoyle Berserker)            Turns: 2569, Time: 00:02:08

Health: -3/39      AC:  6    Str: 22    XL:     6   Next: 8%
Magic:  6/6        EV: 10    Int:  8    God:    Trog [***...]
Gold:   117        SH:  0    Dex:  9    Spells: 5/5 levels left

rFire    . . .     SeeInvis .   a - +0 hand axe
rCold    . . .     Gourm    .   (no shield)
rNeg     + . .     Faith    .   b - +0 animal skin
rPois    ∞         Spirit   .   (no helmet)
rElec    +         Reflect  .   (no cloak)
rCorr    .         Harm     .   (no gloves)
MR       .....                  (no boots)
Stlth    +.........             (no amulet)
HPRegen  0.13/turn              m - -2 ring of evasion (curse)
MPRegen  0.10/turn              (no ring)

@: no status effects
A: negative energy resistance 1, electricity resistance, unbreathing,
petrification resistance, rot immunity, AC +4
a: Berserk, Trog's Hand, Renounce Religion


You were on level 4 of the Dungeon.
You worshipped Trog.
Trog was most pleased with you.
You were hungry.

You visited 1 branch of the dungeon, and saw 4 of its levels.

You collected 117 gold pieces.

Inventory:

Hand Weapons
 a - a +0 hand axe (weapon)
Armour
 b - a +0 animal skin (worn)
Jewellery
 m - a cursed -2 ring of evasion (left hand)
Scrolls
 e - 5 scrolls of identify {unknown}
 g - 3 scrolls of remove curse {unknown}
 h - 2 scrolls of blinking {unknown}
 i - a scroll of enchant weapon {unknown}
 k - 2 scrolls of teleportation {unknown}
Potions
 d - 5 potions of curing {unknown}
 j - a potion of mutation {unknown}
 l - 2 potions of might {unknown}
Comestibles
 c - 8 rations


   Skills:
 + Level 4.5 Fighting
 + Level 3.8 Axes
 + Level 3.8 Armour
 + Level 2.8 Dodging


You had 5 spell levels left.
You didn't know any spells.
Your spell library was empty.

Dungeon Overview and Level Annotations

Branches:
Dungeon (4/15)
 Temple: D:4-7

Altars:
Makhleb
Nemelex Xobeh
Ru


Innate Abilities, Weirdness & Mutations

You are resistant to torment.
Your stone body is resilient. (AC +4)
You are immune to poison.
You resist negative energy. (rN+)
You are resistant to electric shocks. (rElec)
You can survive without breathing.
You are immune to petrification.
You are immune to rotting.


Message History

The worker ant barely misses you.
You hit the worker ant.
The worker ant is heavily wounded.
The worker ant closely misses you.
You closely miss the worker ant.
The worker ant is moderately wounded.
The worker ant bites you.
* * * LOW HITPOINT WARNING * * *
The worker ant barely misses you.
You hit the worker ant.
The worker ant is heavily wounded.
The worker ant closely misses you.
You hit the worker ant but do no damage.
The worker ant is heavily wounded.
The worker ant closely misses you. The worker ant bites you.
* * * LOW HITPOINT WARNING * * *
You hit the worker ant.
The worker ant is almost dead.
The worker ant bites you.
You die...

.. ...#
.....
####+##..$..
#...........
#?..........
#...........
#..@........
#..a........
#.?.........
##.....#####
.....#..
##...#..≈..
...#...≈._
###.#..≈.. .
..≈


You could see a worker ant.

Vanquished Creatures
  A scorpion (D:4)
  A hound (D:3)
  3 adders
  3 gnolls (D:3)
  4 worms (D:2)
  2 dart slugs (D:2)
  3 leopard geckos
  7 orcs (D:3)
  9 bats
  A giant cockroach (D:1)
  11 goblins
  9 hobgoblins
  A jackal (D:1)
  4 quokkas
  2 ball pythons
  7 frilled lizards
  11 kobolds
  A quokka skeleton (D:4)
  4 rats
84 creatures vanquished.

Notes
Turn   | Place    | Note
-------+----------+-------------------------------------------
     0 | D:1      | Fang the Gargoyle Berserker began the quest for the Orb.
     0 | D:1      | Reached XP level 1. HP: 14/14 MP: 1/1
   115 | D:1      | Reached XP level 2. HP: 15/19 MP: 2/2
   506 | D:1      | Reached XP level 3. HP: 17/23 MP: 3/3
   552 | D:1      | Reached ** piety under Trog
  1296 | D:2      | Reached XP level 4. HP: 24/29 MP: 4/4
  1554 | D:3      | Reached skill level 4 in Fighting
  1696 | D:3      | Reached *** piety under Trog
  1706 | D:3      | Found a sparkling altar of Nemelex Xobeh.
  1976 | D:3      | Reached XP level 5. HP: 25/33 MP: 5/5
  1989 | D:3      | Found a burning altar of Makhleb.
  2536 | D:4      | Found a sacrificial altar of Ru.
  2550 | D:4      | Reached XP level 6. HP: 12/39 MP: 6/6
  2569 | D:4      | Slain by a worker ant

Levels and vault maps discovered:
D:1:      scummos_arrival_star, layout_loops_corners
D:2:      layout_rooms
D:3:      layout_basic, makhleb_heckhound_becter, amethyst_killhole,
          chequers_serial_rivers_micro_e, nemelex_xobeh_ov_fountains_minmay
D:4:      layout_basic, nicolae_ru_awakened_eye

Skill      XL: |  1  2  3  4 |
---------------+-------------+-----
Dodging        | 2 |  2.8
Axes           | 3 |  3.8
Armour         | 3 |  3.8
Fighting       | 4 |  4.5

Action                   |  1- 3 |  4- 6 || total
-------------------------+-------+-------++-------
Melee: Hand axe          |   133 |   125 ||   258
Invok: Berserk           |     2 |     1 ||     3
  Eat: Chunk             |     3 |     5 ||     8
Armor: Animal skin       |    36 |    42 ||    78
Dodge: Dodged            |    99 |    91 ||   190
